 Dungeon Crawl Stone Soup version 0.20.1-1-g8b1a95d (webtiles) character file.

187 michal191288 the Bolt Thrower (level 5, -6/41 HPs)
             Began as a Human Hunter on Oct 25, 2017.
             Mangled by biehler's ghost (7 damage)
             ... on level 4 of the Dungeon.
             The game lasted 00:43:22 (3864 turns).

michal191288 the Bolt Thrower (Human Hunter)        Turns: 3864, Time: 00:43:25

Health: -6/41      AC:  5    Str: 12    XL:     5   Next: 99%
Magic:  5/5        EV: 11    Int: 11    God:
Gold:   139        SH:  0    Dex: 13    Spells: 4/4 levels left

rFire    . . .     SeeInvis .   a - +1 hand crossbow
rCold    . . .     Gourm    +   (no shield)
rNeg     . . .     Faith    .   t - +0 ring mail
rPois    .         Spirit   .   (no helmet)
rElec    .         Reflect  .   (no cloak)
rCorr    .         Harm     .   (no gloves)
MR       .....                  (no boots)
Stlth    +.........             s - amulet of the gourmand
Regen    0.2/turn               L - -2 ring of dexterity (curse)
MPRegen  0.1/turn               (no ring)

@: no status effects
A: no striking features
a: no special abilities


You were on level 4 of the Dungeon.
You were full.

You visited 1 branch of the dungeon, and saw 4 of its levels.

You collected 139 gold pieces.

Inventory:

Hand Weapons
 a - a +1 hand crossbow (weapon)
 b - a +0 short sword
 h - a +0 hand axe
 j - a +0 mace
 k - a +0 club
 l - a +0 whip
 m - a +0 club
 n - a +0 dagger
 z - a +0 falchion
 C - a +2 battleaxe of chopping
 E - a +0 blowgun
 F - a +0 flail
 G - a +0 hand axe
Missiles
 d - 40 bolts (quivered)
 g - 23 poisoned needles
Armour
 c - a +0 leather armour
 p - a +0 ring mail
 t - a +0 ring mail (worn)
 u - a +0 leather armour
 H - a +0 leather armour
 J - a +0 robe
Jewellery
 s - an amulet of the gourmand (around neck)
 L - a cursed -2 ring of dexterity (left hand)
Wands
 I - a wand of flame (17/48)
Scrolls
 o - 2 scrolls of enchant weapon {unknown}
 r - 6 scrolls of identify {unknown}
 w - a scroll of remove curse {unknown}
 x - 2 scrolls of teleportation {unknown}
 y - 3 scrolls of immolation {unknown}
 D - a scroll of amnesia {unknown}
Potions
 e - a potion of lignification {unknown}
 i - a potion of mutation {unknown}
 v - a potion of flight {unknown}
 K - a potion of haste {unknown}
Comestibles
 f - 4 bread rations
 q - a meat ration
 A - a royal jelly
 B - 3 fruits
 M - 2 chunks of flesh


   Skills:
 + Level 3.3 Fighting
 + Level 5.7 Crossbows
 + Level 1.5 Armour
 + Level 2.2 Dodging
 + Level 1.0 Stealth


You had 4 spell levels left.
You didn't know any spells.

Dungeon Overview and Level Annotations

Branches:
Dungeon (4/15)
 Temple: D:4-7

Altars:
Vehumet

Annotations:
D:4 biehler's ghost, novice MiAK


Message History

Biehler's ghost is lightly damaged.
Biehler's ghost misses you.
Firing (i - inventory):
d - 42 bolts (quivered)
Press: ? - help, Shift-Dir - straight line, f/p - biehler's ghost
Aim: biehler's ghost (lightly damaged)
You shoot a bolt.
The bolt hits biehler's ghost but does no damage.
Biehler's ghost is lightly damaged.
Biehler's ghost hits you.
* * * LOW HITPOINT WARNING * * *
Firing (i - inventory):
d - 41 bolts (quivered)
Press: ? - help, Shift-Dir - straight line, f/p - biehler's ghost
Aim: biehler's ghost (lightly damaged)
You shoot a bolt.
The bolt hits biehler's ghost but does no damage.
Biehler's ghost is lightly damaged.
Biehler's ghost hits you.
* * * LOW HITPOINT WARNING * * *
Biehler's ghost hits you!
You die...

#############
##.....#.....##
##.............##
#.......(.....!.#
#...............#
#...............#
#........^......##
#....@W..(((((((.#
##.............#[#
##.....#.....##
########..<##
###.# #... #####


You could see biehler's ghost.

Vanquished Creatures
  An orc priest (D:3)
  A worker ant (D:4)
  3 gnolls (D:3)
  An adder (D:2)
  4 oozes
  2 dart slugs
  3 leopard geckos
  5 orcs (D:3)
  7 bats
  3 giant cockroaches
  6 goblins
  3 hobgoblins
  7 jackals
  7 kobolds
  2 quokkas
  2 frilled lizards
  13 rats
70 creatures vanquished.

Vanquished Creatures (others)
  A giant cockroach (D:3)
1 creature vanquished.

Grand Total: 71 creatures vanquished

Notes
Turn   | Place    | Note
-------+----------+-------------------------------------------
     0 | D:1      | michal191288 the Human Hunter began the quest for the Orb.
     0 | D:1      | Reached XP level 1. HP: 16/16 MP: 1/1
   169 | D:1      | Reached XP level 2. HP: 22/22 MP: 2/2
   436 | D:1      | Reached XP level 3. HP: 27/27 MP: 3/3
  1183 | D:2      | Reached XP level 4. HP: 34/34 MP: 4/4
  1186 | D:2      | Reached skill level 1 in Armour
  2123 | D:1      | Reached skill level 5 in Crossbows
  2679 | D:3      | Reached XP level 5. HP: 41/41 MP: 5/5
  3481 | D:3      | Found a radiant altar of Vehumet.
  3843 | D:4      | Noticed biehler's ghost (novice MiAK)
  3864 | D:4      | HP: 1/41 [biehler's ghost (5)]
  3864 | D:4      | Mangled by biehler's ghost

Skill      XL: |  1  2  3  4 |
---------------+-------------+-----
Armour         | 1 |  1.5
Crossbows      | 5 |  5.7
Fighting       | 3 |  3.3
Dodging        | |  2.2
Stealth        | |  1.0

Action                   |  1- 3 |  4- 6 || total
-------------------------+-------+-------++-------
 Fire: Hand crossbow     |    59 |   123 ||   182
  Eat: Chunk             |     4 |    13 ||    17
Armor: Leather armour    |     2 |       ||     2
       Ring mail         |       |    14 ||    14
Dodge: Dodged            |    14 |    27 ||    41
